 Dungeon Crawl Stone Soup version 0.27-a0-419-g7a85846853 (webtiles) character file.

Game seed: 10665976869273883890

8 Chiseanne the Magician (level 2, 20/20 HPs)
             Began as a Demonspawn Wanderer on Feb 26, 2021.
             Quit the game on level 1 of the Dungeon.
             The game lasted 00:00:36 (300 turns).

Chiseanne the Magician (Demonspawn Wanderer)         Turns: 300, Time: 00:00:37

Health: 20/20      AC:  5    Str: 13    XL:     2   Next: 0%
Magic:  5/5        EV: 10    Int: 14    God:
Gold:   18         SH:  0    Dex: 10    Spells: 4/5 levels left

rFire    . . .     SeeInvis .   a - +2 hand axe
rCold    . . .     Faith    .   (no shield)
rNeg     . . .     Spirit   .   b - +0 ring mail
rPois    .         Reflect  .   (no helmet)
rElec    .         Harm     .   (no cloak)
rCorr    .         Rampage  .   (no gloves)
Will     .....                  (no boots)
Stlth    ..........             (no amulet)
HPRegen  0.06/turn              (no ring)
MPRegen  0.09/turn              (no ring)

@: no status effects
A: hooves 1
a: no special abilities


You were on level 1 of the Dungeon.
You visited 1 branch of the dungeon, and saw 1 of its levels.

You collected 18 gold pieces.

Inventory:

Hand Weapons
 a - a +2 hand axe (weapon)
Missiles
 d - 5 atropa-tipped darts
 e - 30 stones
Armour
 b - a +0 ring mail (worn)
Scrolls
 c - a scroll of magic mapping {unknown}
Potions
 f - a potion of ambrosia {unknown}
 g - a potion of heal wounds {unknown}


   Skills:
 * Level 0.7 Fighting
 - Level 1.7 Axes
 - Level 1.0 Throwing
 * Level 1.3 Armour
 * Level 0.6 Dodging
 - Level 2.0 Spellcasting
 - Level 1.0 Transmutations
 - Level 1.7 Ice Magic
 - Level 1.0 Evocations


You had 4 spell levels left.
You knew the following spells:

 Your Spells              Type           Power        Failure   Level
a - Sting                 Tmut/Pois      8%           38%         1

Your spell library contained the following spells:

 Spells                   Type           Power        Failure   Level
 Ignite Poison            Fire/Tmut/Pois 2%           80%         3


Dungeon Overview and Level Annotations

Branches:
Dungeon (1/15)

Altars:


Innate Abilities, Weirdness & Mutations

You have large cloven feet.


Message History

No target in view!
No target in view!
No target in view!
No target in view!
No target in view!
No target in view!
No target in view!
No target in view!
No target in view!
You see here a kobold corpse.
A rat comes into view.
A rat is nearby!
You closely miss the rat. The rat misses you.
You barely miss the rat. The rat barely misses you.
The rat bites you but does no damage.
You hit the rat.
You kill the rat!
No target in view!
No target in view!
No target in view!
No target in view!
No target in view!
No target in view!
No target in view!
No target in view!
No target in view!
No target in view!
No target in view!
No target in view!
A frilled lizard comes into view.
Found 8 gold pieces and a silvery potion.
The frilled lizard unfolds its giant frill.
You barely miss the frilled lizard. The frilled lizard closely misses you.
You barely miss the frilled lizard. The frilled lizard bites you.
You hit the frilled lizard.
You kill the frilled lizard!
You have reached level 2!
Your demonic ancestry asserts itself...
Your feet thicken and deform.
Are you sure you want to abandon this character and quit the game? (Confirm with "yes".)

..............................>..
....#########....# ###..#.....#.#
... ........# #....##....# ##
........#####.#####.####
.........#.....# #.#...
#.......#.....# #.#.##
#.............# #.#...
#......#......# #.####
#.....@#......# #.# #
#.....$##.....# #.# #
#......##..#.## #.####
#.......###.#... #..... #...!...#
#...... ###### #........ ......
#........ .........


There were no monsters in sight!

Vanquished Creatures
  A dart slug (D:1)
  A giant cockroach (D:1)
  A hobgoblin (D:1)
  A frilled lizard (D:1)
  A kobold (D:1)
  2 rats (D:1)
7 creatures vanquished.

Notes
Turn   | Place    | Note
-------+----------+-------------------------------------------
     0 | D:1      | Chiseanne the Demonspawn Wanderer began the quest for the
                  | Orb.
     0 | D:1      | Chiseanne set off with the following items: a +2 hand axe,
                  | a +0 ring mail; and the following spell memorised: Sting;
                  | and the following spells available to memorise: Ignite
                  | Poison
     0 | D:1      | Reached XP level 1. HP: 13/13 MP: 3/3
   300 | D:1      | Gained mutation: You have large cloven feet. [demonic
                  | ancestry]
   300 | D:1      | Reached XP level 2. HP: 20/20 MP: 5/5
   300 | D:1      | Quit the game

Illustrated notes

Levels and vault maps discovered:
D:1:      eino_arrival_cavern_a, layout_basic

Action                   || total
-------------------------++-------
Melee: Hand axe          ||    18
Armor: Ring mail         ||     5
Dodge: Dodged            ||     7

Table legend: (Time is in decaauts)
 A = Elapsed time spent in this place.
 B = Non-inter-level travel time spent in this place.
 C = Inter-level travel time spent in this place.
 D = Time resting spent in this place.
 E = Time spent auto-exploring this place.
 F = Levels seen in this place.
 G = Mean time per level.
                   A        B        C        D        E       F      G
               +--------+--------+--------+--------+--------+-----+--------+
         Total |    304 |    304 |      0 |      0 |    263 |   1 |  304.0 |
       Dungeon |    304 |    304 |      0 |      0 |    263 |   1 |  304.0 |
               +--------+--------+--------+--------+--------+-----+--------+

Top non-repeatable levels by time:
     D:1: 304 daAuts
